 Dungeon Crawl Stone Soup version 0.17.1-3-g152610e (webtiles) character file.

58 KrozogBurug the Ogre Mage (level 4, -9/39 HPs)
             Began as an Ogre Wizard on Mar 1, 2016.
             Mangled by Sigmund
             ... wielding a +2 vampiric scythe
              (10 damage)
             ... on level 3 of the Dungeon.
             The game lasted 00:07:32 (3083 turns).

KrozogBurug the Ogre Mage (Ogre Wizard)             Turns: 3083, Time: 00:07:32

Health: -9/39      AC:  4    Str: 12    XL:     4   Next: 2%
Magic:  0/9        EV:  9    Int: 18    God:
Gold:   101        SH:  0    Dex:  8    Spells: 2 memorised, 7 levels left

rFire  . . .     SeeInvis .     j - +0 halberd
rCold  . . .     Clarity  .     a - +0 robe
rNeg   + . .     SustAt   .     (shield currently unavailable)
rPois  .         Gourm    .     b - +0 hat
rElec  .         Spirit   .     n - +0 cloak
rCorr  .         Warding  .     (gloves unavailable)
rMut   .         Stasis   .     (boots unavailable)
MR     .....                    (no amulet)
Stlth  +.........               (no ring)
                                e - ring of positive energy

@: not resistant to hostile enchantments, very unstealthy
A: unfitting armour, tough skin 1
a: no special abilities


You were on level 3 of the Dungeon.
You were hungry.

You visited 1 branch of the dungeon, and saw 3 of its levels.

You collected 101 gold pieces.

Inventory:

Hand Weapons
 j - a +0 halberd (weapon)
Missiles
 g - 2 throwing nets
 i - 7 javelins (quivered)
Armour
 a - a +0 robe (worn)
 b - a +0 hat (worn)
 n - a +0 cloak (worn)
Jewellery
 e - a ring of positive energy (left hand)
Wands
 s - a wand of random effects (26)
Scrolls
 h - a scroll of random uselessness {unknown}
 l - a scroll of identify {unknown}
 o - a scroll of immolation {unknown}
 t - a scroll of enchant weapon {unknown}
Potions
 k - a potion of agility {unknown}
 m - 2 potions of curing {unknown}
 r - a potion of heal wounds {unknown}
Books
 c - a book of Minor Magic

   Spells                             Type                      Level
   a - Magic Dart                     Conjuration                  1
   b - Blink                          Translocation                2
   c - Call Imp                       Summoning                    2
   d - Repel Missiles                 Charms/Air                   2
   e - Slow                           Hexes                        2
   f - Conjure Flame                  Conjuration/Fire             3
   g - Mephitic Cloud                 Conjuration/Poison/Air       3
Comestibles
 d - 3 bread rations
 q - a meat ration


   Skills:
 - Level 1.7 Dodging
 - Level 1.5 Stealth
 - Level 3.6 Spellcasting
 + Level 2.7 Conjurations
   Level 0.6 Summonings
 - Level 0.6 Translocations


You had 7 spell levels left.
You knew the following spells:

 Your Spells              Type           Power        Failure   Level  Hunger
a - Magic Dart            Conj           ##..         6%          1    None
b - Blink                 Tloc           N/A          17%         2    ##.....


Dungeon Overview and Level Annotations

Branches:
Dungeon (3/15)

Altars:
Makhleb

Annotations:
D:3 Sigmund


Innate Abilities, Weirdness & Mutations

You are too large for most types of armour.
You have tough skin (AC +1).


Message History

The magic dart hits something.
Something hits you!
* * * LOW HITPOINT WARNING * * *
Casting: Magic Dart
Confirm with . or Enter, or press ? or * to list all spells.
Aiming: Magic Dart
Press: ? - help, Shift-Dir - straight line The magic dart hits something.
Casting: Magic Dart
Confirm with . or Enter, or press ? or * to list all spells.
Aiming: Magic Dart
Press: ? - help, Shift-Dir - straight line The magic dart hits something.
Something hits you!
* * * LOW HITPOINT WARNING * * *
Something hits you.
* * * LOW HITPOINT WARNING * * *
You miss something.
You hear some strange, mumbled words.
Something tries to affect you, but you resist.
You closely miss something. Something hits you!
You die...

.. ..#.## .. #.#..
###.###.#.######
..#..<..#......#
#.#............#
#.#........(...#
#.##...........#
#{##...........###
#@##..............
##'##............(.
#..................
#...........)......
#..................
#....#####.........
#....# #.........
#....# #.........
#....# #.........


There were no monsters in sight!

Vanquished Creatures
  A gnoll (D:1)
  An adder (D:2)
  4 giant cockroaches
  5 hobgoblins
  3 jackals (D:1)
  A quokka (D:2)
  5 bats
  A giant newt (D:3)
  5 goblins
  3 kobolds
  11 rats
40 creatures vanquished.

Notes
Turn   | Place    | Note
--------------------------------------------------------------
     0 | D:1      | KrozogBurug the Ogre Wizard began the quest for the Orb.
     0 | D:1      | Reached XP level 1. HP: 16/16 MP: 5/5
   108 | D:1      | Reached skill level 1 in Conjurations
   223 | D:1      | Reached XP level 2. HP: 24/24 MP: 2/6
   265 | D:1      | Learned a level 2 spell: Blink
  1641 | D:2      | Found a burning altar of Makhleb.
  1678 | D:2      | Reached XP level 3. HP: 31/31 MP: 5/8
  2580 | D:2      | Reached XP level 4. HP: 23/39 MP: 7/9
  3069 | D:3      | Noticed Sigmund
  3081 | D:3      | HP: 1/39 [something (1)]
  3083 | D:3      | Mangled by Sigmund

Action                   |  1- 3 |  4- 6 || total
-------------------------+-------+-------++-------
Melee: Unarmed           |    51 |       ||    51
       Halberd           |    52 |    14 ||    66
Throw: Javelin           |     3 |       ||     3
       Throwing net      |     1 |       ||     1
 Cast: Magic Dart        |    64 |    11 ||    75
  Use: Scroll            |       |     2 ||     2
 Stab: Sleeping          |     2 |       ||     2
  Eat: Chunk             |     5 |     1 ||     6
